Map: Simulacrum LE

Players

prospeKt - Winner!

  • Race: Zerg Zerg
  • League: Platinum
  • Spawn Location: 5:00

VOD

Have the link to the VOD?

Description

Time

  • Played on: May 26, 2020, 4:43 a.m.
  • Length: 15:44
Show
View Real Time Build Order
Export as new Build Order

prospeKt Zerg - Winner!

Build Orders:  

Get SALT Encoding   

  12  0:01  Drone  
  13  0:17  Overlord  
  13  0:25  Drone  
  14  0:42  Drone x2  
  14  0:48  Drone  
  17  1:03  Drone  
  18  1:20  Hatchery  
  18  1:22  Drone  
  18  1:43  Spawning Pool  
  18  1:45  Drone  
  18  1:54  Drone  
  19  2:03  Drone  
  19  2:09  Extractor  
  19  2:20  Drone  
  20  2:33  Drone  
  21  2:48  Drone  
  22  3:02  Queen  
  22  3:03  Queen  
  22  3:04  Overlord  
  22  3:05  Drone  
  27  3:19  Extractor  
  26  3:20  Drone  
  26  3:21  Drone  
  28  3:32  Drone  
  29  3:42  Drone  
  29  3:48  Overlord  
  30  3:50  Drone  
  31  4:02  Drone  
  31  4:05  Drone  
  33  4:18  Drone  
  33  4:19  Drone  
  35  4:38  Roach Warren, Evolution Chamber, Drone x4  
  35  4:39  Drone  
  38  4:41  Overlord  
  38  4:42  Drone  
  38  4:43  Drone  
  38  4:48  Drone  
  41  4:58  Overlord  
  41  5:12  Drone x2  
  43  5:40  Roach x3  
  43  5:41  Roach  
  43  5:48  Extractor  
  50  5:52  Drone  
  50  5:53  Drone  
  52  6:14  Drone x8, Extractor  
  59  6:35  Drone  
  59  6:38  Overlord  
  60  6:45  Zerg Missile Weapons Level 1  
  60  7:01  Overlord  
  60  7:02  Overlord  
  60  7:08  Lair, Roach x4  
  68  7:17  Hatchery  
  67  7:28  Drone x3  
  67  7:29  Drone x2  
  72  7:35  Roach x2  
  76  7:51  Evolution Chamber  
  76  7:53  Drone x2  
  77  8:05  Overlord  
  77  8:07  Drone  
  78  8:23  Drone x2  
  80  8:30  Zerg Ground Armor Level 1  
  80  8:36  Drone  
  80  8:37  Drone  
  82  8:49  Hydralisk Den  
  81  8:52  Glial Reconstitution  
  81  9:13  Drone  
  81  9:14  Drone x8  
  90  9:22  Overlord  
  90  9:24  Overlord  
  90  9:30  Zerg Missile Weapons Level 2  
  90  9:35  Hydralisk x2  
  94  9:46  Hatchery  
  94  9:47  Hatchery  
  94  9:48  Drone  
  94  9:49  Drone x2  
  95  10:01  Extractor  
  95  10:02  Drone x3  
  95  10:05  Extractor  
  96  10:14  Hatchery  
  96  10:17  Queen  
  99  10:23  Hydralisk x4  
  105  10:30  Hydralisk  
  107  10:44  Hydralisk x3  
  113  11:12  Unknown  
  113  11:19  Overlord x4  
  113  11:30  Hydralisk x6  
  113  11:34  Hatchery  
  113  11:35  Hatchery  
  123  11:42  Zerg Ground Armor Level 2  
  123  11:49  Hydralisk  
  125  11:50  Hydralisk x12  
  149  12:13  Drone x5  
  149  12:14  Drone  
  149  12:15  Drone x5  
  149  12:16  Drone x4  
  164  12:26  Overlord  
  164  12:27  Overlord  
  164  12:51  Overlord x2  
  164  12:52  Overlord x2  
  164  12:56  Hydralisk x8  
  180  13:01  Overlord  
  180  13:02  Overlord  
  180  13:17  Infestation Pit  
  179  13:22  Hydralisk x4  
  179  13:23  Hydralisk x6  
  179  13:24  Unknown  
  199  13:42  Drone  
  199  13:47  Hatchery  
  199  14:07  Extractor  
  199  14:08  Extractor  
  197  14:18  Spore Crawler  
  194  14:20  Spore Crawler  
  194  14:21  Spore Crawler  
  194  14:24  Spore Crawler  
  194  14:26  Spore Crawler, Hydralisk x4  
  194  14:27  Hydralisk  
  194  14:28  Spore Crawler  
  199  14:31  Drone  
  200  14:51  Hatchery  
  200  14:54  Drone  
Tags
 
Add a new tag
Caveats
  • Supply blocks, unpowered buildings, or Contaminate may cause inaccurate times.
  • Supply counts are checked every 10 seconds.